Map: Lerilak Crest

Players

Miltreta

  • Race: Terran Terran
  • League: Bronze

EagerEdgar - Winner!

  • Race: Protoss Protoss
  • League: Bronze

VOD

Have the link to the VOD?

Description

Time

  • Played on: March 14, 2016, 8:56 p.m.
  • Length: 10:42
Show
View Real Time Build Order
Export as new Build Order

Miltreta Terran 

Build Orders: MMM Bio 

Get SALT Encoding   

  12  0:01  SCV  
  13  0:19  SCV  
  14  0:21  Supply Depot  
  14  0:27  Refinery  
  14  0:31  SCV  
  15  0:45  Barracks  
  15  0:51  Supply Depot  
  15  0:56  SCV  
  16  1:10  SCV  
  17  1:25  SCV  
  18  1:34  Reaper  
  19  1:42  SCV  
  20  1:58  SCV  
  21  2:06  Reaper  
  22  2:08  Barracks  
  22  2:13  SCV  
  22  2:14  Factory  
  23  2:36  Refinery  
  23  2:42  Barracks Tech Lab  
  23  2:52  Supply Depot  
  23  2:55  Supply Depot  
  23  2:56  SCV  
  24  2:59  Supply Depot  
  24  3:04  Marauder  
  25  3:21  Barracks Tech Lab  
  25  3:24  SCV  
  26  3:38  Factory Tech Lab  
  26  3:42  Stimpack  
  26  3:49  Starport  
  26  3:51  Combat Shields  
  26  3:57  Marine  
  26  3:58  Marine  
  28  4:05  Orbital Command  
  28  4:08  Command Center  
  28  4:15  Siege Tank  
  31  4:28  Starport Reactor  
  31  4:37  Barracks  
  31  4:51  Engineering Bay  
  33  5:10  Marauder x2  
  33  5:11  Siege Tank  
  38  5:15  Medivac  
  35  5:45  Missile Turret  
  35  6:15  Barracks Reactor  
  35  6:18  Medivac x2  
  37  6:21  Marauder x2  
  43  6:25  Concussive Shells  
  43  6:28  Widow Mine  
  45  6:37  SCV x2  
  47  6:46  Supply Depot  
  47  6:48  Marine x2  
  47  6:49  Barracks  
  49  6:57  Widow Mine  
  51  7:26  Siege Tank  
  47  7:45  Viking x2  
  51  7:53  SCV, Missile Turret  
  53  7:59  Orbital Command  
  53  8:01  Marine x2  
  53  8:03  Barracks Reactor  
  54  8:33  Marine x2  
  54  8:34  Marauder x2  
  60  8:35  Siege Tank  
  60  8:41  Refinery  
  63  8:43  Marine  
  63  8:44  Marine  
  65  9:00  SCV  
  65  9:01  SCV  
  67  9:16  Medivac  
  69  9:54  Marine x4  
  69  9:56  Marauder x2  
  77  10:01  Siege Tank  
Show
View Real Time Build Order
Export as new Build Order

EagerEdgar Protoss - Winner!

Build Orders:  

Get SALT Encoding   

  12  0:05  Probe (Chrono Boost)  
  13  0:16  Probe (Chrono Boost)  
  14  0:23  Pylon  
  14  0:26  Probe (Chrono Boost)  
  15  0:33  Assimilator  
  15  0:44  Probe (Chrono Boost)  
  15  0:45  Gateway  
  16  0:58  Gateway  
  16  1:00  Probe (Chrono Boost)  
  17  1:11  Probe (Chrono Boost)  
  18  1:21  Probe (Chrono Boost)  
  19  1:30  Forge  
  19  1:35  Cybernetics Core  
  19  1:39  Probe (Chrono Boost)  
  20  1:42  Pylon  
  20  1:51  Zealot  
  22  1:56  Probe (Chrono Boost)  
  23  2:03  Protoss Ground Weapons Level 1  
  23  2:09  Assimilator  
  23  2:22  Warp Gate (Chrono Boost)  
  23  2:27  Zealot  
  23  2:29  Zealot  
  27  2:33  Probe  
  27  2:45  Probe  
  27  2:49  Pylon  
  28  3:02  Photon Cannon  
  28  3:06  Robotics Facility  
  28  3:10  Stalker (Chrono Boost)  
  30  3:33  Probe  
  31  3:45  Stalker (Chrono Boost)  
  33  3:50  Sentry  
  33  3:53  Mothership Core  
  37  3:58  Warp Prism  
  39  4:25  Nexus  
  39  4:29  Pylon  
  39  4:39  Pylon  
  39  4:47  Observer  
  39  4:51  Stalker, Zealot  
  44  5:02  Protoss Ground Armor Level 1  
  44  5:07  Twilight Council  
  44  5:22  Gateway  
  44  5:41  Stalker, Zealot  
  48  5:49  Charge  
  48  5:54  Probe  
  49  6:02  Probe  
  50  6:05  Probe  
  50  6:09  Assimilator  
  51  6:14  Probe  
  51  6:15  Probe  
  53  6:26  Probe  
  54  6:35  Zealot  
  54  6:36  Stalker, Probe  
  59  6:43  Immortal (Chrono Boost)  
  63  6:50  Zealot  
  63  6:52  Probe  
  66  6:55  Probe, Protoss Ground Weapons Level 2  
  67  7:02  Probe  
  68  7:10  Probe  
  68  7:13  Probe  
  70  7:47  Pylon  
  70  7:51  Pylon  
  70  7:53  Pylon  
  70  7:56  Pylon  
  70  8:04  Probe  
  70  8:05  Probe  
  70  8:06  Templar Archives, Immortal (Chrono Boost)  
  76  8:14  Probe  
  76  8:18  Zealot  
  76  8:19  Stalker  
  80  8:20  Zealot  
  80  8:27  Nexus  
  82  8:41  Psionic Storm  
  82  8:45  Zealot  
  82  8:46  Stalker, Zealot  
  88  9:02  Gateway  
  88  9:04  Assimilator  
  88  9:05  Probe, Gateway  
  89  9:19  Stalker, Zealot x2  
  96  9:38  Observer (Chrono Boost)  
  96  9:45  Zealot  
  98  9:46  Sentry, Zealot  
  92  10:21  Stalker, Zealot x2  
Tags
 
Add a new tag
Caveats
  • Supply blocks, unpowered buildings, or Contaminate may cause inaccurate times.
  • Supply counts are checked every 10 seconds.